 Dungeon Crawl Stone Soup version 0.19.0-20-gbc5f0c6 (console) character file.

6836 Kloppie the Cleaver (level 10, 0/91 HPs)
             Began as a Purple Draconian Berserker on Nov 16, 2016.
             Was a High Priest of Trog.
             Slain by a hill giant zombie (15 damage)
             ... on level 9 of the Dungeon.
             The game lasted 00:13:21 (7956 turns).

Kloppie the Cleaver (Purple Draconian Berserker)    Turns: 7956, Time: 00:13:22

Health: 0/91       AC:  7    Str: 20    XL:     10   Next: 77%
Magic:  10/10      EV: 17    Int:  8    God:    Trog [*****.]
Gold:   494        SH:  0    Dex: 13    Spells: 0 memorised, 9 levels left

rFire  . . .     SeeInvis .     a - +0 war axe
rCold  + . .     Gourm    .     (armour unavailable)
rNeg   . . .     Faith    .     (no shield)
rPois  .         Spirit   .     (helmet restricted)
rElec  .         Reflect  .     (no cloak)
rCorr  .         Harm     .     (no gloves)
MR     ++...                    (no boots)
Stlth  +.........               u - amulet of regeneration
                                r - ring of protection from magic
                                v - ring of protection from cold

@: no status effects
A: breathe power, unfitting armour, cold-blooded, AC +7
a: Breathe Dispelling Energy, Berserk, Trog's Hand, Brothers in Arms, Burn
Spellbooks, Renounce Religion


You were on level 9 of the Dungeon.
You worshipped Trog.
Trog was extremely pleased with you.
You were not hungry.

You visited 2 branches of the dungeon, and saw 10 of its levels.

You collected 494 gold pieces.

Inventory:

Hand Weapons
 a - a +0 war axe (weapon)
 b - a +3 morningstar of protection
 y - a +0 hand axe
 z - a +2 executioner's axe of chopping
Jewellery
 p - an uncursed ring of resist corrosion
 r - a ring of protection from magic (right hand)
 u - an amulet of regeneration (around neck)
 v - a ring of protection from cold (left hand)
Wands
 e - a wand of confusion (24/48)
 h - a wand of polymorph (19/24)
 q - a wand of iceblast (4/15)
Scrolls
 i - 2 scrolls of fog
 n - 4 scrolls of magic mapping
 o - 4 scrolls of recharging
 t - a scroll of remove curse
 A - a scroll of identify
Potions
 c - 3 potions of flight
 f - 2 potions of ambrosia
 g - 4 potions of curing
 j - a potion of agility
 l - a potion of berserk rage
 s - a potion of haste
 x - a potion of brilliance
Comestibles
 d - 8 chunks of flesh
 k - 6 meat rations
 w - 6 bread rations


   Skills:
 - Level 9.5 Fighting
 + Level 12.0 Axes
 + Level 8.1 Dodging


You had 9 spell levels left.
You didn't know any spells.

Dungeon Overview and Level Annotations

Branches:
Dungeon (9/15)             Temple (1/1) D:5            Lair (0/6) D:8
    Orc (0/2) D:9

Altars:
Elyvilon
Qazlal
Zin

Annotations:
D:4 1 runed door


Innate Abilities, Weirdness & Mutations

You can breathe bolts of dispelling energy.
Your rich purple scales are hard. (AC +7)
You cannot fit into any form of body armour.
You are cold-blooded and may be slowed by cold attacks.


Message History

You slash the troll zombie! You slash the hill giant zombie!
You slash the troll zombie!
Your tail-slap misses the troll zombie.
The troll zombie is almost destroyed.
You slash the troll zombie! You hit the hill giant zombie.
The hill giant zombie hits you!
* * * LOW HITPOINT WARNING * * *
The troll zombie barely misses you.
The troll zombie claws you but does no damage.
The troll zombie completely misses you. The troll zombie bites you.
* * * LOW HITPOINT WARNING * * *
The troll zombie closely misses you. x2
You feel much better.
You hit the hill giant zombie.
The hill giant zombie is lightly damaged.
The hill giant zombie hits you!!
* * * LOW HITPOINT WARNING * * *
You slash the hill giant zombie!
The hill giant zombie is moderately damaged.
The hill giant zombie hits you!
You die...

....Z..................# #.
......#................# #.
...ZZZ#................######.
..... #...................)...
.8... #######Z######..........
...### #Z# #.......... #.###.#
#Z# #.......... ..# #Z#
#.......... #.#
#@######..........
######.#######.................
...............................
#####..#############..........
#..# #..#######. .#######..#
#..#######(
........(.#############........(<
..........((.(..................(
#####......)(....................


You could see a hobgoblin zombie, 2 troll zombies and a hill giant zombie.

Vanquished Creatures
  Pikel (D:7)
  The ghost of Unsubtle the Cleaver, a novice DsBe of Trog (D:5)
  3 hippogriffs (D:8)
  2 wyverns
  A hill giant zombie (D:9)
  3 hungry ghosts (D:9)
  Edmund (D:5)
  2 hell hounds (D:8)
  A sky beast (D:5)
  An ice beast (D:6)
  3 orc warriors
  A slave (D:7)
  4 phantoms
  6 ogres
  9 centaurs
  A bullfrog (D:8)
  2 big kobolds (D:8)
  A gnoll sergeant (D:7)
  2 scorpions
  A troll zombie (D:9)
  2 howler monkeys
  A jelly (D:6)
  3 crimson imps
  5 orc priests
  6 hounds
  11 orc wizards
  A gnoll shaman (D:6)
  2 bullfrog skeletons
  2 iguanas
  Natasha (thrice) (D:3)
  10 worker ants
  An ogre zombie (D:9)
  A hound skeleton (D:6)
  2 worker ant zombies
  18 gnolls
  14 adders
  2 shadow imps (D:7)
  4 oozes
  An adder skeleton (D:4)
  An adder zombie (D:6)
  3 worms
  5 dart slugs
  2 leopard geckos
  40 orcs
  7 giant cockroaches
  4 goblins
  10 hobgoblins
  7 jackals
  16 kobolds
  2 quokkas
  A ball python (D:1)
  5 bats
  2 frilled lizards
  A goblin skeleton (D:9)
  2 goblin zombies (D:9)
  2 hobgoblin skeletons (D:9)
  A leopard gecko skeleton (D:4)
  2 orc skeletons (D:9)
  6 orc zombies (D:9)
  A quokka skeleton (D:6)
  9 rats
264 creatures vanquished.

Vanquished Creatures (others)
  3 orc wizards (D:7)
  A shadow imp (D:7)
  2 orcs (D:7)
  A leopard gecko zombie (D:7)
7 creatures vanquished.

Grand Total: 271 creatures vanquished

Notes
Turn   | Place    | Note
-------+----------+-------------------------------------------
     0 | D:1      | Kloppie the Draconian Berserker began the quest for the Orb.
     0 | D:1      | Reached XP level 1. HP: 19/19 MP: 1/1
   269 | D:1      | Reached XP level 2. HP: 24/26 MP: 2/2
   637 | D:1      | Reached XP level 3. HP: 29/33 MP: 3/3
  1074 | D:2      | Reached ** piety under Trog
  1074 | D:2      | Reached skill level 4 in Axes
  1076 | D:2      | Reached XP level 4. HP: 41/41 MP: 4/4
  1328 | D:2      | Reached XP level 5. HP: 31/47 MP: 5/5
  1610 | D:2      | Reached skill level 5 in Fighting
  2134 | D:3      | Noticed Natasha
  2149 | D:3      | Killed Natasha
  2509 | D:3      | Reached skill level 5 in Axes
  2587 | D:3      | Reached XP level 6. HP: 57/57 MP: 6/6
  2763 | D:3      | Noticed Natasha
  2775 | D:3      | Killed Natasha
  2775 | D:3      | Reached *** piety under Trog
  2779 | D:3      | Noticed Natasha
  2787 | D:3      | Killed Natasha
  3413 | D:4      | Reached skill level 6 in Axes
  3500 | D:4      | Found a runed door.
  3584 | D:5      | Entered Level 5 of the Dungeon
  3642 | D:5      | Your scales start taking on a rich purple colour.
  3642 | D:5      | Reached XP level 7. HP: 29/64 MP: 7/7
  4064 | D:5      | Reached skill level 7 in Axes
  4091 | D:5      | Noticed Unsubtle's ghost (novice DsBe)
  4105 | D:5      | Killed Unsubtle's ghost
  4105 | D:5      | Reached XP level 8. HP: 75/75 MP: 8/8
  4163 | D:5      | Reached skill level 8 in Axes
  4170 | D:5      | Reached **** piety under Trog
  4540 | D:5      | Found a staircase to the Ecumenical Temple.
  4558 | D:5      | Noticed Edmund
  4563 | Temple   | Entered the Ecumenical Temple
  4623 | D:5      | Killed Edmund
  4871 | D:6      | Received a gift from Trog
  4897 | D:6      | Reached skill level 9 in Axes
  4897 | D:6      | Reached XP level 9. HP: 50/84 MP: 9/9
  5972 | D:6      | Received a gift from Trog
  6177 | D:7      | Reached skill level 10 in Axes
  6178 | D:7      | Reached skill level 5 in Dodging
  6320 | D:7      | Noticed Pikel
  6328 | D:7      | Killed Pikel
  6399 | D:7      | Reached XP level 10. HP: 87/91 MP: 10/10
  6748 | D:7      | Reached ***** piety under Trog
  6954 | D:8      | Reached skill level 11 in Axes
  7270 | D:8      | Received a gift from Trog
  7410 | D:8      | Found a staircase to the Lair.
  7848 | D:9      | Found a staircase to the Orcish Mines.
  7932 | D:9      | Reached skill level 12 in Axes
  7956 | D:9      | Slain by a hill giant zombie

Skill      XL: |  1  2  3  4  5  6  7  8  9 10 |
---------------+-------------------------------+-----
Fighting       | 4 5 6 8 9 |  9.5
Axes           | 4 5 6 7 9 10 12 | 12.0
Dodging        | 3 6 8 |  8.1

Action                   |  1- 3 |  4- 6 |  7- 9 | 10-12 || total
-------------------------+-------+-------+-------+-------++-------
Melee: Hand axe          |    79 |   236 |   403 |    42 ||   760
       Tailslap          |     8 |    29 |    56 |    39 ||   132
       War axe           |       |       |       |   234 ||   234
Invok: Berserk           |     3 |     5 |    13 |     4 ||    25
       Trog's Hand       |       |       |     2 |     2 ||     4
  Use: Scroll            |       |     6 |    11 |     2 ||    19
       Potion            |       |       |       |     1 ||     1
 Stab: Sleeping          |       |     1 |       |       ||     1
       Distracted        |       |       |     1 |       ||     1
  Eat: Chunk             |     2 |     9 |    23 |    14 ||    48
       Meat ration       |       |     1 |       |       ||     1
Armor: Skin              |    19 |    55 |    74 |    68 ||   216
Dodge: Dodged            |    58 |   119 |   240 |   269 ||   686
